 Dungeon Crawl Stone Soup version 0.28-a0-655-g4eb62b627b (webtiles) character file.

Game seed: 7731789131579321197

13797 bande the Cleaver (level 12, -5/75 HPs)
             Began as a Gargoyle Fighter on Oct 12, 2021.
             Was a High Priest of Okawaru.
             Slain by a cyclops (22 damage)
             ... on level 13 of the Dungeon.
             The game lasted 00:22:38 (14379 turns).

bande the Cleaver (Gargoyle Fighter)               Turns: 14379, Time: 00:22:39

Health: -5/75      AC: 31    Str: 29    XL:     12   Next: 9%
Magic:  17/17      EV:  8    Int:  9    God:    Okawaru [*****.]
Gold:   997        SH:  0    Dex:  9    Spells: 11/11 levels left

rFire   . . .      SeeInvis .   v - +12 hand axe "Hagi Relaj" {flame, Will+ Str+9 Dex-3}
rCold   . . .      Faith    .   c - +1 buckler
rNeg    + . .      Spirit   .   C - +0 plate armour
rPois   ∞          Reflect  .   s - +0 helmet
rElec   +          Harm     .   h - scarf {repulsion}
rCorr   .          Rampage  .   I - +1 pair of gloves {archery}
Will    ++...                   (no boots)
Stlth   ..........              (no amulet)
HPRegen 0.22/turn               m - +4 ring of protection
MPRegen 0.15/turn               y - ring of willpower

@: confused, mighty, ambrosia-drunk, repel missiles
A: sickness immunity, AC +8, negative energy resistance 1, electricity
resistance, torment resistance 1, petrification resistance, dopey 1, shaggy fur
1
a: Renounce Religion, Heroism, Finesse, Duel


You were on level 13 of the Dungeon.
You worshipped Okawaru.
Okawaru was extremely pleased with you.
You visited 2 branches of the dungeon, and saw 13 of its levels.
You also visited: Sewer and Ossuary.

You collected 997 gold pieces.

Inventory:

Hand Weapons
 a - a +1 war axe of protection
 r - a +1 vorpal morningstar
 v - the +12 hand axe "Hagi Relaj" (weapon) {flame, Will+ Str+9 Dex-3}
   (You found it on level 5 of the Dungeon)

   It burns those it strikes, dealing additional fire damage.
   Big, fiery blades are also staple armaments of hydra-hunters.
   Str:       It affects your strength (+9).
   Dex:       It affects your dexterity (-3).
   Will:      It increases your willpower.
 G - a +0 vorpal war axe
Missiles
 D - 2 throwing nets (quivered)
Armour
 c - a +1 buckler (worn)
 h - a scarf of repulsion (worn)
 s - a +0 helmet (worn)
 C - a +0 plate armour (worn)
 I - a +1 pair of gloves of archery (worn)
Jewellery
 e - a ring of ice
 f - a +4 ring of evasion
 m - a +4 ring of protection (left hand)
 y - a ring of willpower (right hand)
 E - an amulet of magic regeneration
Wands
 t - a wand of flame (18)
 u - a wand of paralysis (14)
 B - a wand of polymorph (5)
 H - a wand of mindburst (14)
Scrolls
 b - 4 scrolls of teleportation
 j - 5 scrolls of enchant armour
 l - 3 scrolls of blinking
 n - 3 scrolls of brand weapon
 p - 4 scrolls of amnesia
 w - a scroll of fear
 A - 4 scrolls of fog
Potions
 d - 4 potions of might
 g - a potion of ambrosia
 i - 3 potions of haste
 k - 7 potions of curing
 o - 6 potions of brilliance
 q - a potion of mutation
 x - a potion of cancellation
 z - 2 potions of flight
 J - a potion of magic
Miscellaneous
 F - a condenser vane


   Skills:
 + Level 8.7 Fighting
 + Level 10.7 Axes
 + Level 9.1 Armour
 + Level 7.4 Shields
 * Level 7.2 Invocations
 * Level 6.0 Evocations


You had 11 spell levels left.
You didn't know any spells.
Your spell library contained the following spells:

 Spells                   Type           Power      Damage    Failure   Level
 Freeze                   Ice            0%         1d3       97%         1
 Pain                     Necr           0%         1d4       97%         1
 Ensorcelled Hibernation  Hex/Ice        0%         N/A       99%         2
 Frozen Ramparts          Ice            0%         1d2       100%        3
 Spider Form              Tmut/Pois      0%         N/A       100%        3
 Hailstorm                Conj/Ice       0%         3d3       100%        4
 Agony                    Necr           0%         N/A       100%        5
 Excruciating Wounds      Necr           0%         N/A       100%        5
 Orb of Destruction       Conj           0%         N/A       100%        7
 Summon Guardian Golem    Hex/Summ       Unusable   N/A       N/A         3
 Spellforged Servitor     Conj/Summ      Unusable   N/A       N/A         7

Dungeon Overview and Level Annotations

Branches:
Dungeon (11/15)            Temple (1/1) D:6            Lair (0/6) D:11
    Orc (0/2) D:10         Vaults (0/5) D:13          Sewer (visited)
Ossuary (visited)

Altars:
Cheibriados
Dithmenos
Elyvilon
Kikubaaqudgha
Makhleb
Nemelex Xobeh
Okawaru
Qazlal
Sif Muna
Trog
Uskayaw
Vehumet
Beogh

Annotations:
D:11 2 runed translucent doors, miscthings's ghost, journeyman DjCj


Innate Abilities, Weirdness & Mutations

You are immune to sickness and miasma.
Your stone body is resilient. (AC +8)
You are immune to poison.
You resist negative energy. (rN+)
You are resistant to electric shocks. (rElec)
You are resistant to unholy torment.
You are immune to petrification.
You are dopey. (Int -2)
You are covered in fur. (AC +1)


Message History

The cyclops is lightly wounded.
You slash the +2 long sword!
The +2 long sword hits you but does no damage.
You slash the cyclops! You burn the cyclops.
The cyclops is moderately wounded.
You barely miss the +2 long sword. You slash the +2 long sword!
The +2 long sword hits you.
The +2 long sword hits you but does no damage.
The cyclops hits you!
You hit the cyclops. You burn the cyclops.
The cyclops is heavily wounded.
You slash the +2 long sword! You burn the +2 long sword.
You slash the +2 long sword!
The +2 long sword hits you but does no damage. x2
You hit the cyclops. You burn the cyclops.
The cyclops is heavily wounded.
You hit the +2 long sword. x2; The +2 long sword hits you!
The +2 long sword hits you but does no damage.
You block the cyclops's attack.
You slash the cyclops! You burn the cyclops.
The cyclops is almost dead.
You slash the +2 long sword!
The +2 long sword falls from the air.
Okawaru accepts your kill.
You closely miss the +2 long sword. The +2 long sword hits you!
* * * LOW HITPOINT WARNING * * *
Your Evocations skill increases to level 6!
You are confused.
You feel invigorated.
The +2 long sword hits you but does no damage.
The +2 long sword hits you.
* * * LOW HITPOINT WARNING * * *
The cyclops hits you.
* * * LOW HITPOINT WARNING * * *
You feel very mighty all of a sudden. The +2 long sword hits you.
* * * LOW HITPOINT WARNING * * *
The +2 long sword hits you but does no damage.
The cyclops hits you!!
You die...

###### ###
......##+###....
|...............
###.....@C......
........)(......
................
......#.#.......
.....##.##......
..... #∩# ......
.... #.# ......
.... #.# ......
... ... ###


You could see a cyclops and a +2 long sword.

Vanquished Creatures
  Harold (D:8)
  3 two-headed ogres
  Erica (D:8)
  A dancing weapon (D:13)
  2 cyclopes (D:11)
  Joseph (D:7)
  A gargoyle (D:11)
  An unseen horror (D:11)
  Maggie (D:9)
  4 trolls
  Grinder (D:6)
  14 yaks (D:10)
  Eustachio (D:6)
  A steam dragon (D:4)
  4 water moccasins
  4 orc warriors
  A black bear (D:8)
  A necrophage (D:6)
  An ice beast (D:6)
  A hornet zombie (D:8)
  4 wolves (D:11)
  4 ogres
  3 centaurs
  2 kobold brigands
  A wyvern zombie (D:9)
  9 scorpions
  9 killer bees (D:10)
  7 wights
  A howler monkey (D:10)
  2 electric eels (D:11)
  6 centaur zombies
  7 hounds
  4 orc priests
  Crazy Yiuf (D:6)
  4 scorpion zombies (Ossuary)
  2 iguanas (D:4)
  5 orc wizards
  3 mummies (Ossuary)
  A howler monkey zombie (D:8)
  2 howler monkey skeletons
  A gnoll (D:1)
  2 river rats (D:3)
  10 adders
  An ufetubus (D:6)
  2 dart slugs
  3 worms
  46 orcs
  4 bats
  8 endoplasms
  4 giant cockroaches
  6 gnoll zombies (Ossuary)
  6 goblins
  7 hobgoblins
  4 jackals (Sewer)
  3 quokkas
  8 ball pythons
  8 frilled lizards
  A goblin zombie (Ossuary)
  21 kobolds
  3 kobold zombies (Ossuary)
  4 orc zombies (Ossuary)
  A quokka skeleton (D:4)
  8 rats
283 creatures vanquished.

Vanquished Creatures (others)
  5 fungi
  16 plants (Sewer)
21 creatures vanquished.

Grand Total: 304 creatures vanquished

Notes
Turn   | Place    | Note
-------+----------+-------------------------------------------
     0 | D:1      | bande the Gargoyle Fighter began the quest for the Orb.
     0 | D:1      | Reached XP level 1. HP: 14/14 MP: 1/1
   148 | D:1      | Reached XP level 2. HP: 19/19 MP: 2/2
   341 | D:1      | Reached skill level 2 in Axes
   453 | D:1      | Reached XP level 3. HP: 23/24 MP: 3/3
  2026 | D:2      | Reached XP level 4. HP: 29/29 MP: 4/4
  2216 | D:3      | Found a faded altar of an unknown god.
  2261 | D:3      | Found a glowing drain.
  2298 | Sewer    | Entered a sewer
  2474 | Sewer    | Reached skill level 3 in Axes
  2708 | Sewer    | Reached XP level 5. HP: 31/33 MP: 5/5
  3850 | D:3      | Gained mutation: You have sharp toenails. [potion of
                  | mutation]
  3850 | D:3      | Gained mutation: You have a pair of small horns on your
                  | head. [potion of mutation]
  3851 | D:3      | Lost mutation: You have sharp toenails. [potion of
                  | mutation]
  3851 | D:3      | Lost mutation: You have a pair of small horns on your head.
                  | [potion of mutation]
  3851 | D:3      | Gained mutation: You are dopey. (Int -2) [potion of
                  | mutation]
  3851 | D:3      | Gained mutation: You are covered in fur. (AC +1) [potion of
                  | mutation]
  4138 | D:4      | Found a snail-covered altar of Cheibriados.
  4231 | D:4      | Reached XP level 6. HP: 11/38 MP: 6/6
  4575 | D:4      | Reached skill level 4 in Axes
  4856 | D:4      | Noticed a steam dragon
  4871 | D:4      | Killed a steam dragon
  4872 | D:4      | Reached XP level 7. HP: 19/44 MP: 7/7
  5250 | D:4      | Reached skill level 5 in Armour
  5379 | D:4      | Found a stormy altar of Qazlal.
  5678 | D:4      | You fall into a shaft and drop 2 floors!
  5678 | D:6      | Found a staircase to the Ecumenical Temple.
  5682 | Temple   | Entered the Ecumenical Temple
  5699 | Temple   | Became a worshipper of Warmaster Okawaru
  5771 | D:6      | Reached skill level 5 in Axes
  5837 | D:6      | Noticed Grinder
  5855 | D:6      | Paralysed by Grinder for 6 turns
  5883 | D:6      | Paralysed by Grinder for 7 turns
  5895 | D:6      | Paralysed by Grinder for 7 turns
  5906 | D:6      | Paralysed by Grinder for 7 turns
  5915 | D:6      | Killed Grinder
  5916 | D:6      | Reached skill level 5 in Fighting
  5916 | D:6      | Reached skill level 5 in Shields
  5916 | D:6      | Reached XP level 8. HP: 20/49 MP: 8/8
  6160 | D:6      | Reached * piety under Okawaru
  6195 | D:6      | Reached skill level 6 in Axes
  6277 | D:6      | Noticed Eustachio
  6335 | D:6      | Killed Eustachio
  6625 | D:5      | Entered Level 5 of the Dungeon
  6635 | D:5      | Reached skill level 1 in Invocations
  6670 | D:5      | Identified the +12 hand axe "Hagi Relaj" {flame, Will+
                  | Str+9 Dex-3}
  6675 | D:5      | Found a sand-covered staircase.
  6685 | Ossuary  | Entered an ossuary
  6711 | Ossuary  | Reached ** piety under Okawaru
  6712 | Ossuary  | Reached skill level 1 in Evocations
  6802 | Ossuary  | Reached XP level 9. HP: 55/55 MP: 10/10
  6803 | Ossuary  | Reached skill level 7 in Axes
  7855 | D:6      | Found a runed translucent door.
  7856 | D:6      | Noticed Crazy Yiuf
  7861 | D:6      | Killed Crazy Yiuf
  8000 | D:7      | Reached *** piety under Okawaru
  8267 | D:7      | Reached skill level 8 in Axes
  8513 | D:7      | Noticed Joseph
  8526 | D:7      | Killed Joseph
  8527 | D:7      | Reached XP level 10. HP: 37/61 MP: 11/13
  8980 | D:8      | Noticed Erica
  8992 | D:8      | Killed Erica
  8992 | D:8      | Reached **** piety under Okawaru
  9461 | D:8      | Noticed Harold
  9467 | D:8      | Killed Harold
  9468 | D:8      | Reached skill level 9 in Axes
  9468 | D:8      | Reached skill level 5 in Invocations
  9806 | D:9      | Noticed Maggie
  9818 | D:9      | Killed Maggie
 11112 | D:10     | Entered Level 10 of the Dungeon
 11186 | D:10     | Reached ***** piety under Okawaru
 11192 | D:10     | Reached XP level 11. HP: 58/68 MP: 15/15
 11776 | D:10     | Reached skill level 5 in Evocations
 11778 | D:10     | Reached skill level 10 in Axes
 11784 | D:10     | Received a gift from Okawaru
 12161 | D:10     | Found a staircase to the Orcish Mines.
 12167 | D:10     | Noticed a two-headed ogre
 12180 | D:10     | Killed a two-headed ogre
 12853 | D:10     | Found a shimmering blue altar of Sif Muna.
 12853 | D:10     | Found a white marble altar of Elyvilon.
 13149 | D:11     | Noticed a cyclops
 13161 | D:11     | Killed a cyclops
 13400 | D:11     | Found a large runed translucent door.
 13400 | D:11     | Found a large runed translucent door.
 13403 | D:11     | Noticed miscthings's ghost (journeyman DjCj)
 13407 | D:11     | Noticed a cyclops
 13414 | D:11     | Killed a cyclops
 13536 | D:11     | Found a staircase to the Lair.
 13583 | D:11     | Noticed a two-headed ogre
 13593 | D:11     | Killed a two-headed ogre
 13979 | D:11     | Noticed a two-headed ogre
 13988 | D:11     | Killed a two-headed ogre
 13989 | D:11     | Reached XP level 12. HP: 21/75 MP: 17/17
 14369 | D:11     | You fall into a shaft and drop 2 floors!
 14369 | D:13     | Found a gate to the Vaults.
 14379 | D:13     | Slain by a cyclops

Illustrated notes

Levels and vault maps discovered:
D:1:      wander_arrival_fairy_ring, layout_loops_cross
D:2:      layout_loops_corners
D:3:      layout_basic, hellmonk_ecumenical_altar_blasted, portal_sewer_entry_a
D:4:      layout_basic, mainiacjoe_overflow_catwalk_spiral
D:5:      layout_basic, chequers_ossuary_entry_cave
D:6:      layout_loops_ring, temple_green, uniq_grinder,
          uniq_crazy_yiuf_cottage, uniq_eustachio
D:7:      layout_loops_corners, uniq_joseph
D:8:      layout_gridville, serial_rivers, chequers_serial_rivers_large_b,
          chequers_serial_rivers_room_b, chequers_serial_rivers_large_a,
          chequers_serial_rivers_marsh, chequers_decorated_corner, uniq_harold,
          uniq_erica
D:9:      layout_basic, special_room [special_room_orc], uniq_maggie
D:10:     layout_long_grid, gammafunk_temple_overflow_wave, david_orc_2
D:11:     layout_stronghold, erik_lair_island, ebering_ghost_disaster_area
D:13:     layout_gridville, erik_vaults_1
Temple:   compressed_dpeg_circular_temple

Skill      XL: |  1  2  3  4  5  6  7  8  9 10 11 12 |
---------------+-------------------------------------+-----
Axes           | 2 3 4 5 6 8 9 10 | 10.7
Armour         | 4 5 6 7 9 |  9.1
Fighting       | 4 5 6 7 8 |  8.7
Shields        | 4 5 6 7 |  7.4
Invocations    | 2 4 5 7 |  7.2
Evocations     | 1 3 4 5 6 |  6.0

Action                   |  1- 3 |  4- 6 |  7- 9 | 10-12 || total
-------------------------+-------+-------+-------+-------++-------
Melee: War axe           |    96 |   244 |   180 |       ||   520
       Hand axe          |       |       |   127 |   286 ||   413
  Use: Scroll            |     6 |     5 |     9 |     3 ||    23
       Potion            |       |     2 |       |     3 ||     5
Armor: Scale mail        |     2 |       |       |       ||     2
       Chain mail        |    49 |   168 |   206 |       ||   423
       Plate armour      |       |       |     7 |   223 ||   230
Dodge: Dodged            |    34 |    79 |   102 |   107 ||   322
       Repelled          |       |     1 |       |       ||     1
Block: Buckler           |    24 |    93 |    90 |    85 ||   292

Table legend: (Time is in decaauts)
 A = Elapsed time spent in this place.
 B = Non-inter-level travel time spent in this place.
 C = Inter-level travel time spent in this place.
 D = Time resting spent in this place.
 E = Time spent auto-exploring this place.
 F = Levels seen in this place.
 G = Mean time per level.
                   A        B        C        D        E       F      G
               +--------+--------+--------+--------+--------+-----+--------+
         Total |  14703 |  14648 |     55 |   2982 |   8937 |  15 |  980.2 |
       Dungeon |  13297 |  13242 |     55 |   2982 |   7957 |  12 | 1108.1 |
        Temple |     30 |     30 |      0 |      0 |      0 |   1 |   30.0 |
         Sewer |   1000 |   1000 |      0 |      0 |    744 |   1 | 1000.0 |
       Ossuary |    375 |    375 |      0 |      0 |    235 |   1 |  375.0 |
               +--------+--------+--------+--------+--------+-----+--------+

Top non-repeatable levels by time:
    D:10: 1858 daAuts
     D:4: 1659 daAuts
     D:2: 1372 daAuts
    D:11: 1370 daAuts
     D:3: 1214 daAuts
     D:9: 1086 daAuts
     D:8: 1074 daAuts
     D:7: 1061 daAuts
     D:6: 1033 daAuts
   Sewer: 1000 daAuts
     D:1: 807 daAuts
     D:5: 750 daAuts
 Ossuary: 375 daAuts
  Temple: 30 daAuts
    D:13: 8 daAuts
